 Dungeon Crawl Stone Soup version 0.23.0 (webtiles) character file.

Game seed: 11771455865543267519

116 kaze the Chopper (level 5, -2/46 HPs)
             Began as a Hill Orc Fighter on Feb 13, 2019.
             Slain by Natasha (5 damage)
             ... on level 2 of the Dungeon.
             The game lasted 00:02:36 (1860 turns).

kaze the Chopper (Hill Orc Fighter)                 Turns: 1860, Time: 00:02:37

Health: -2/46      AC:  7    Str: 20    XL:     5   Next: 1%
Magic:  5/5        EV:  7    Int:  8    God:
Gold:   74         SH:  9    Dex: 10    Spells: 4/4 levels left

rFire    . . .     SeeInvis .   a - +0 war axe
rCold    . . .     Gourm    .   c - +0 shield
rNeg     . . .     Faith    .   b - +0 scale mail
rPois    .         Spirit   .   (no helmet)
rElec    .         Reflect  .   (no cloak)
rCorr    .         Harm     .   (no gloves)
MR       .....                  (no boots)
Stlth    ..........             (no amulet)
HPRegen  0.15/turn              (no ring)
MPRegen  0.09/turn              (no ring)

@: slowed, very slow
A: no striking features
a: no special abilities


You were on level 2 of the Dungeon.
You were not hungry.

You visited 1 branch of the dungeon, and saw 2 of its levels.

You collected 74 gold pieces.

Inventory:

Hand Weapons
 a - a +0 war axe (weapon)
Armour
 b - a +0 scale mail (worn)
 c - a +0 shield (worn)
Jewellery
 d - an uncursed ring of protection from fire {unknown}
Scrolls
 g - a scroll of amnesia {unknown}
 h - 2 scrolls of identify {unknown}
 i - a scroll of enchant armour {unknown}
 j - 2 scrolls of remove curse {unknown}
 l - a scroll of magic mapping {unknown}
 m - a scroll of teleportation {unknown}
Potions
 e - 3 potions of lignification
Comestibles
 f - a ration


   Skills:
 + Level 4.2 Fighting
 + Level 4.3 Axes
 + Level 4.1 Armour
 + Level 1.1 Dodging
 + Level 3.6 Shields


You had 4 spell levels left.
You didn't know any spells.
Your spell library was empty.

Dungeon Overview and Level Annotations

Branches:
Dungeon (2/15)

Altars:

Annotations:
D:2 Natasha


Message History

You closely miss the leopard gecko.
The leopard gecko bites you but does no damage.
You block Natasha's attack. You block the leopard gecko's attack.
Natasha claws you.
* * * LOW HITPOINT WARNING * * *
Your shield prevents you from hitting Natasha.
Natasha is heavily wounded.
You completely miss the leopard gecko. The leopard gecko bites you.
* * * LOW HITPOINT WARNING * * *
You block Natasha's attack. You block the leopard gecko's attack.
You block Natasha's attack. The leopard gecko barely misses you.
Unknown command.
You closely miss Natasha.
Natasha is heavily wounded.
You miss the leopard gecko.
The leopard gecko bites you but does no damage.
Natasha closely misses you. The leopard gecko bites you.
* * * LOW HITPOINT WARNING * * *
Natasha claws you.
You die...

#....# #<........ #### #....#
##......... ...# ####...##
#.÷.)...... ##.#### #......#
#.##....... #....#
###.#.##...####.#........
####.###...#.####.##............
#.†...###.# #.....##........
###..####.###h....###....>...
#...........@......##........
#.......#...#l......##.@......
#...####.....#........##.......
#..#. ###.#..#.....#. ##......
#.... ...##.......## #..####
...#. ######........#.##...%# ..
.. ............)(...#
.........#.#†)†..# . #.......#


You could see Natasha and a leopard gecko.

Vanquished Creatures
  Terence (D:2)
  Natasha (D:2)
  2 adders (D:2)
  5 worms
  A leopard gecko (D:2)
  2 giant cockroaches
  5 goblins
  4 hobgoblins
  3 jackals (D:2)
  2 kobolds (D:2)
  2 bats
  3 frilled lizards
  8 rats
39 creatures vanquished.

Notes
Turn   | Place    | Note
-------+----------+-------------------------------------------
     0 | D:1      | kaze the Hill Orc Fighter began the quest for the Orb.
     0 | D:1      | Reached XP level 1. HP: 19/19 MP: 1/1
   187 | D:1      | Reached XP level 2. HP: 20/27 MP: 2/2
   779 | D:2      | Reached XP level 3. HP: 9/33 MP: 3/3
  1094 | D:2      | Noticed Terence
  1186 | D:2      | Killed Terence
  1186 | D:2      | Reached XP level 4. HP: 14/40 MP: 4/4
  1545 | D:2      | Noticed Natasha
  1551 | D:2      | Killed Natasha
  1551 | D:2      | Reached skill level 1 in Dodging
  1839 | D:2      | Reached XP level 5. HP: 42/46 MP: 5/5
  1851 | D:2      | Noticed Natasha
  1860 | D:2      | Slain by Natasha

Skill      XL: |  1  2  3  4 |
---------------+-------------+-----
Fighting       | 4 |  4.2
Axes           | 3 4 |  4.3
Armour         | 4 |  4.1
Dodging        | 1 |  1.1
Shields        | |  3.6

Action                   |  1- 3 |  4- 6 || total
-------------------------+-------+-------++-------
Melee: War axe           |    90 |    34 ||   124
       Unarmed           |     2 |       ||     2
  Use: Potion            |     3 |       ||     3
  Eat: Ration            |       |     1 ||     1
Armor: Scale mail        |    52 |    19 ||    71
       Skin              |     3 |       ||     3
Dodge: Dodged            |    40 |    11 ||    51
Block: Shield            |    50 |    17 ||    67
